 Dungeon Crawl Stone Soup version 0.30.1-11-g7821555f0a (webtiles) character file.

Game seed: 17189073269262033300

14915 KittyFluff the Protected (level 12, -2/76 HPs)
             Began as a Gargoyle Berserker on Nov 16, 2023.
             Was a High Priest of Trog.
             Slain by a blink frog (10 damage)
             ... on level 1 of the Lair of Beasts on Nov 23, 2023.
             The game lasted 00:52:42 (10499 turns).

KittyFluff the Protected (Gargoyle Berserker)      Turns: 10499, Time: 00:52:43

Health: -2/76      AC: 36    Str: 25    XL:     12   Next: 21%
Magic:  12/12      EV: 11    Int:  7    God:    Trog [*****.]
Gold:   508        SH: 11    Dex: 11    Spells: 11/11 levels left

rFire   . . .        J - +2 flail (protect)
rCold   + . .        Y - +2 kite shield
rNeg    + . .        B - +2 ring mail {rC+}
rPois   ∞            E - +0 helmet
rElec   +            (no cloak)
rCorr   .            X - +0 pair of gloves
SInv    +            c - +2 pair of boots
Will    .....        m - amulet of regeneration
Stlth   ++           w - ring of see invisible
HPRegen 1.12/turn    G - +4 ring of protection
MPRegen 0.13/turn

%: no passive effects
@: under a protective aura
A: sickness immunity, AC +8, negative energy resistance 1, electricity
resistance, torment resistance 1, petrification resistance
a: Renounce Religion, Berserk, Trog's Hand, Brothers in Arms


You were on level 1 of the Lair of Beasts.
You worshipped Trog.
Trog was extremely pleased with you.
You visited 2 branches of the dungeon, and saw 13 of its levels.

You collected 696 gold pieces.
You spent 188 gold pieces at shops.

Inventory:

Hand Weapons
 b - a +1 morningstar of protection
 o - the +1 mace of the Telling Scavenger {freeze, rPois rN+}
   (You found it on level 2 of the Dungeon)

   rPois:     It protects you from poison.
   rN:        It protects you from negative energy.
 y - a +0 sling
 J - a +2 flail of protection (weapon)
 S - a +2 antimagic quarterstaff
 U - a +2 heavy mace
Missiles
 x - 28 poisoned darts
 F - 8 boomerangs (quivered)
 K - 3 javelins
Armour
 c - a +2 pair of boots (worn)
 z - +0 steam dragon scales
 B - a +2 ring mail of cold resistance (worn)
 E - a +0 helmet (worn)
 T - the +1 ring mail of Dithmenos's Delight {Stlth+}
   (You found it on level 9 of the Dungeon)

   Stlth:     It makes you more stealthy.
 V - a +2 robe of fire resistance
 X - a +0 pair of gloves (worn)
 Y - a +2 kite shield (worn)
Jewellery
 e - a ring of flight
 m - an amulet of regeneration (around neck)
 w - a ring of see invisible (left hand)
 G - a +4 ring of protection (right hand)
 L - the amulet of Quzel {Faith rC+ Will+ Int+2}
   (You found it on level 5 of the Dungeon)

   [amulet of faith]

   It allows you to gain divine favour quickly.
   Int:       It affects your intelligence (+2).
   rC:        It protects you from cold.
   Will:      It increases your willpower.
Wands
 f - a wand of polymorph (5)
 D - a wand of acid (19)
 H - a wand of digging (2)
 O - a wand of iceblast (1)
Scrolls
 d - 2 scrolls of poison
 g - 3 scrolls of enchant armour
 h - 3 scrolls of enchant weapon {unknown}
 j - 3 scrolls of vulnerability {unknown}
 k - 10 scrolls of teleportation
 n - a scroll of magic mapping
 q - 2 scrolls of amnesia {unknown}
 s - a scroll of noise {unknown}
 C - a scroll of brand weapon
 I - 2 scrolls of fear
 M - 5 scrolls of blinking
 N - 2 scrolls of acquirement
 P - a scroll of immolation
 Q - 2 scrolls of silence {unknown}
 R - 3 scrolls of fog
Potions
 a - 2 potions of attraction
 i - 7 potions of curing
 l - 2 potions of ambrosia
 p - a potion of mutation
 r - a potion of might
 t - 6 potions of heal wounds
 u - a potion of invisibility
 v - 2 potions of haste
 A - a potion of flight
 W - a potion of berserk rage


   Skills:
 + Level 9.2 Fighting
 * Level 11.6 Maces & Flails
 * Level 12.2 Armour
 + Level 4.5 Dodging
 + Level 6.1 Stealth
 + Level 5.0 Shields
 + Level 0.4 Evocations


You had 11 spell levels left.
You didn't know any spells.
Your spell library was empty.

Dungeon Overview and Level Annotations

Branches:
Dungeon (12/15)            Temple (0/1) D:5            Lair (1/5) D:11
    Orc (0/2) D:11

Altars:
Fedhas
Gozag
Okawaru
Ru
Uskayaw
Xom
Yredelemnul
The Shining One

Shops:
D:2 (   D:5 ?   D:11 [

Annotations:
D:6 1 runed translucent door, YellowLineWalker's ghost, novice GnMo


Innate Abilities, Weirdness & Mutations

You are immune to sickness and miasma.
Your stone body is resilient. (AC +8)
You are immune to poison.
You resist negative energy. (rN+)
You are resistant to electric shocks. (rElec)
You are resistant to unholy torment.
You are immune to petrification.


Message History

The blink frog hits you but does no damage.
You barely miss the blink frog.
The blink frog is heavily wounded.
The blink frog hits you but does no damage.
You block the blink frog's attack. x2
You miss the blink frog.
The blink frog is heavily wounded.
The blink frog barely misses you.
The blink frog hits you but does no damage.
The blink frog blinks!
The blink frog hits you but does no damage.
You sock the blink frog!
Your weapon exudes an aura of protection.
The blink frog is severely wounded.
The blink frog blinks!
The blink frog hits you!
* * * LOW HITPOINT WARNING * * *
The blink frog blinks!
You miss the blink frog.
The blink frog is heavily wounded.
The blink frog blinks!
You block the blink frog's attack.
You thump the blink frog!
The blink frog is almost dead.
The blink frog hits you but does no damage.
You hit the blink frog.
You kill the blink frog!
Trog accepts your kill. You block the blink frog's attack.
The blink frog hits you but does no damage.
You closely miss the blink frog.
The blink frog is severely wounded.
You block the blink frog's attack. x2
The blink frog hits you but does no damage.
You barely miss the blink frog.
The blink frog is severely wounded.
The blink frog blinks!
The blink frog closely misses you.
The blink frog blinks!
You hit the blink frog.
The blink frog is almost dead.
The blink frog hits you!
You die...

..# . ..## ..
..... ... .....
.... ......
P....####......
....)..††......
......§@+
......F.#
.........
..........
........#.§
............
............#
........# ...


You could see a blink frog.

Vanquished Creatures
  Josephine (D:11)
  A boulder beetle (D:8)
  A two-headed ogre (D:9)
  Nergalle (D:10)
  An orc knight (D:11)
  2 cyclopes (D:11)
  A manticore (D:8)
  A gargoyle (D:11)
  A komodo dragon (Lair:1)
  A kobold demonologist (D:11)
  2 trolls
  3 blink frogs (Lair:1)
  Sigmund (D:5)
  7 yaks
  4 wyverns
  A shadow (D:12)
  A basilisk (D:11)
  7 wraiths
  Eustachio (D:4)
  A steam dragon (D:9)
  4 vampire mosquitoes
  Edmund (D:5)
  An acid dragon (D:12)
  2 water moccasins (D:8)
  Duvessa (D:4)
  A hornet zombie (D:6)
  An ice beast (D:6)
  2 black bears
  5 orc warriors
  6 ogres
  3 sky beasts
  8 centaurs
  5 kobold brigands
  2 bullfrogs
  A gnoll sergeant (D:12)
  2 scorpions
  Dowan (D:4)
  4 killer bees (D:9)
  5 howler monkeys
  3 hounds
  3 jellies
  4 bullfrog zombies (D:6)
  5 orc priests
  A sleepcap (D:5)
  5 iguanas
  12 orc wizards
  Natasha (thrice) (D:4)
  A howler monkey zombie (D:6)
  13 gnolls
  11 adders
  A shadow imp (D:7)
  5 white imps
  2 ufetubi (D:7)
  2 worms
  A dart slug (D:2)
  46 orcs
  5 ball pythons
  11 endoplasms
  4 giant cockroaches
  4 goblins
  7 hobgoblins
  5 jackals
  2 quokkas
  2 training dummies (D:7)
  6 bats
  4 frilled lizards
  2 goblin skeletons (D:7)
  4 goblin zombies (D:7)
  40 kobolds
  A kobold skeleton (D:7)
  An orc skeleton (D:7)
  An orc zombie (D:7)
  4 rats
315 creatures vanquished.

Vanquished Creatures (others)
  A water moccasin (D:8)
1 creature vanquished.

Grand Total: 316 creatures vanquished

Notes
Turn   | Place    | Note
-------+----------+-------------------------------------------
     0 | D:1      | KittyFluff the Gargoyle Berserker began the quest for the
                  | Orb.
     0 | D:1      | Reached XP level 1. HP: 14/14 MP: 1/1
   163 | D:1      | Reached XP level 2. HP: 14/19 MP: 2/2
   479 | D:1      | Reached XP level 3. HP: 23/23 MP: 3/3
   701 | D:2      | Reached ** piety under Trog
   702 | D:2      | Reached skill level 1 in Stealth
   900 | D:2      | Identified the +1 mace of the Telling Scavenger {freeze,
                  | rPois rN+}
  1000 | D:2      | Found Doesa Daapt's Weapon Shop.
  1112 | D:2      | Found a faded altar of an unknown god.
  1293 | D:3      | Found an iron altar of Okawaru.
  1293 | D:3      | Found an opulent altar of Gozag.
  1401 | D:3      | Reached skill level 3 in Armour
  1401 | D:3      | Reached XP level 4. HP: 29/29 MP: 4/4
  1881 | D:3      | Reached XP level 5. HP: 33/33 MP: 5/5
  2122 | D:4      | Noticed an ogre
  2150 | D:4      | Killed an ogre
  2151 | D:4      | Reached XP level 6. HP: 22/38 MP: 6/6
  2178 | D:4      | Noticed Eustachio
  2230 | D:4      | Killed Eustachio
  2231 | D:4      | Reached skill level 4 in Armour
  2367 | D:4      | Reached *** piety under Trog
  2419 | D:4      | Noticed Natasha
  2432 | D:4      | Killed Natasha
  2443 | D:4      | Reached XP level 7. HP: 30/43 MP: 7/7
  2469 | D:4      | Noticed Duvessa
  2482 | D:4      | Noticed Dowan
  2504 | D:4      | Killed Duvessa
  2505 | D:4      | Reached skill level 5 in Maces & Flails
  2521 | D:4      | Killed Dowan
  2522 | D:4      | Reached skill level 5 in Armour
  2727 | D:4      | Noticed Natasha
  2733 | D:4      | Killed Natasha
  2739 | D:4      | Noticed Natasha
  2749 | D:4      | Killed Natasha
  2893 | D:5      | Entered Level 5 of the Dungeon
  2905 | D:5      | Noticed Sigmund
  2906 | D:5      | Reached XP level 8. HP: 48/48 MP: 8/8
  2989 | D:5      | Killed Sigmund
  2990 | D:5      | Reached skill level 5 in Fighting
  2990 | D:5      | Reached skill level 6 in Armour
  3041 | D:5      | Reached **** piety under Trog
  3121 | D:5      | Found Kuleu's Magic Scroll Emporium.
  3209 | D:5      | Noticed Edmund
  3230 | D:5      | Killed Edmund
  3267 | D:5      | Found a staircase to the Ecumenical Temple.
  3290 | D:5      | Reached XP level 9. HP: 54/54 MP: 9/9
  3307 | D:5      | Identified the amulet of Quzel {Faith rC+ Will+ Int+2}
  3511 | D:5      | Bought a scroll of teleportation for 39 gold pieces
  3511 | D:5      | Bought a scroll of blinking for 97 gold pieces
  3511 | D:5      | Bought a scroll of identify for 26 gold pieces
  3511 | D:5      | Bought a scroll of identify for 26 gold pieces
  3560 | D:6      | Reached skill level 7 in Armour
  3560 | D:6      | Reached skill level 5 in Stealth
  3698 | D:6      | Found a runed translucent door.
  3699 | D:6      | Found a shimmering altar of Xom.
  3699 | D:6      | Noticed YellowLineWalker's ghost (novice GnMo)
  3700 | D:6      | Noticed a +2 mace of chaos
  3721 | D:6      | Found a sacrificial altar of Ru.
  3721 | D:6      | Found a hide-covered altar of Uskayaw.
  3732 | D:6      | Found a blossoming altar of Fedhas.
  3871 | D:6      | Found a basalt altar of Yredelemnul.
  4156 | D:6      | Reached ***** piety under Trog
  4172 | D:6      | Identified a scroll of acquirement
  4842 | D:7      | Reached skill level 8 in Armour
  4930 | D:7      | Found a glowing golden altar of the Shining One.
  5457 | D:8      | Noticed a boulder beetle
  5510 | D:8      | Killed a boulder beetle
  5511 | D:8      | Reached XP level 10. HP: 42/61 MP: 10/10
  5641 | D:8      | Reached skill level 9 in Armour
  5670 | D:8      | Noticed a manticore
  5689 | D:8      | Killed a manticore
  6109 | D:9      | Identified the +1 robe of the Bedazzling Gods {Archmagi}
  6444 | D:9      | You fall into a shaft and drop 3 floors!
  6534 | D:12     | Received a gift from Trog
  6576 | D:12     | Noticed a boulder beetle
  6631 | D:12     | Reached skill level 10 in Armour
  6631 | D:12     | Reached skill level 1 in Shields
  6738 | D:11     | Noticed Josephine
  6783 | D:12     | Reached XP level 11. HP: 63/68 MP: 11/11
  6796 | D:11     | Found Ynath's Armour Shoppe.
  6814 | D:11     | Killed Josephine
  6815 | D:11     | Reached skill level 10 in Maces & Flails
  6876 | D:11     | Found a staircase to the Lair.
  7114 | D:11     | Noticed a cyclops
  7116 | D:10     | Entered Level 10 of the Dungeon
  7551 | D:9      | Reached skill level 11 in Armour
  7829 | D:9      | Noticed a two-headed ogre
  7848 | D:9      | Killed a two-headed ogre
  8311 | D:9      | Identified the +1 ring mail of Dithmenos's Delight {Stlth+}
  8713 | D:10     | Noticed Nergalle
  8737 | D:10     | Killed Nergalle
  9321 | D:11     | Noticed a soul eater
  9475 | D:11     | Killed a cyclops
  9713 | D:11     | Found a staircase to the Orcish Mines.
  9749 | D:11     | Noticed an orc knight
  9775 | D:11     | Killed an orc knight
  9776 | D:11     | Reached skill level 12 in Armour
  9776 | D:11     | Reached XP level 12. HP: 56/76 MP: 12/12
 10442 | Lair:1   | Entered Level 1 of the Lair of Beasts
 10482 | Lair:1   | Reached skill level 5 in Shields
 10492 | Lair:1   | HP: 1/76 [blink frog (11)]
 10499 | Lair:1   | Slain by a blink frog

Illustrated notes

Levels and vault maps discovered:
D:1:      minmay_arrival_diagonal_passages, layout_basic, grunt_decor_one_mirror
D:2:      layout_rooms, serial_shops, nicolae_shop_bloodbath_and_beyond,
          hellmonk_ecumenical_altar_crossroads
D:3:      minmay_chambers_of_twos, layout_loops_ring,
          mainiacjoe_overflow_catwalk_spiral
D:4:      kennysheep_big_flooded_room, layout_loops_ring, uniq_duvessa,
          uniq_natasha, uniq_eustachio
D:5:      layout_rooms, minmay_temple_entry_crystal_x, serial_shops, shop,
          uniq_edmund, uniq_sigmund
D:6:      layout_gridville, nicolae_yredelemnul_corpse_copse,
          chequers_temple_overflow_statue_of_worship, ebering_ghost_xom,
          eino_tiny_chamber, minmay_misc_feat_nine_boxes
D:7:      dreamdust_elfheim, layout_loops_cross, nicolae_tso_besieged_by_evil,
          minivault_24, hangedman_decor_peaks_small
D:8:      layout_rooms
D:9:      layout_grid_maze
D:10:     layout_loops_ring, uniq_nergalle
D:11:     layout_stronghold, david_lair_generic, david_orc_5,
          nicolae_take_the_stairs, billiards_dpeg, uniq_josephine
D:12:     layout_roguey, serial_shops, shop, uniq_snorg
Lair:1:   layout_regular_city, infiniplex_staircase_pool_2

Skill      XL: |  1  2  3  4  5  6  7  8  9 10 11 12 |
---------------+-------------------------------------+-----
Stealth        | 1 2 3 4 6 |  6.1
Armour         | 3 4 5 6 8 10 12 | 12.2
Dodging        | 2 3 4 |  4.5
Maces & Flails | 4 5 6 8 9 11 | 11.6
Fighting       | 4 5 6 7 9 |  9.2
Shields        | 2 4 5 |  5.0
Evocations     | |  0.4

Action                     |  1- 3 |  4- 6 |  7- 9 | 10-12 || total
---------------------------+-------+-------+-------+-------++-------
  Melee: Mace              |   126 |   121 |   197 |       ||   444
         Punch             |     1 |     1 |    14 |     1 ||    17
         Flail             |       |       |   277 |   726 ||  1003
  Throw: Boomerang         |       |       |       |     3 ||     3
 Invoke: Berserk           |       |       |     1 |     3 ||     4
    Use: Scroll            |       |       |    10 |    10 ||    20
   Stab: Sleeping          |     2 |       |     4 |     2 ||     8
 Armour: Animal skin       |     8 |       |       |       ||     8
         Leather armour    |    45 |    63 |   236 |    52 ||   396
         Steam dragon scal |       |       |       |   273 ||   273
         Ring mail         |       |       |       |   162 ||   162
  Dodge: Dodged            |    66 |    71 |   289 |   427 ||   853
  Block: Kite shield       |       |       |       |   323 ||   323
